 Dungeon Crawl Stone Soup version 0.32-a0-938-g40ac7a0f4d (webtiles) character file.

Game seed: 11823279927550148622

77 zazu2006 the Shield-Bearer (level 4, -3/34 HPs)
             Began as a Gnoll Wanderer on Apr 15, 2024.
             Was an Initiate of Vehumet.
             Slain by Blork the orc
             ... wielding a +1 trident of protection
              (8 damage)
             ... on level 4 of the Dungeon.
             The game lasted 00:03:09 (515 turns).

zazu2006 the Shield-Bearer (Gnoll Wanderer)          Turns: 515, Time: 00:03:10

Health: -3/34      AC:  2    Str: 11    XL:     4   Next: 33%
Magic:  9/11       EV: 10    Int: 13    God:    Vehumet [......]
Gold:   16         SH:  7    Dex: 12    Spells: 12/13 levels left

rFire   . . .        a - +0 dagger
rCold   . . .        c - +2 buckler
rNeg    . . .        e - +0 robe
rPois   .            (no helmet)
rElec   .            (no cloak)
rCorr   .            (no gloves)
SInv    .            (no boots)
Will    .....        (no amulet)
Stlth   ++           (no ring)
HPRegen 0.25/turn    (no ring)
MPRegen 0.12/turn

%: no passive effects
@: no status effects
A: fangs 1, strong nose, distributed training
a: Renounce Religion


You were on level 4 of the Dungeon.
You worshipped Vehumet.
Vehumet was noncommittal.
You visited 1 branch of the dungeon, and saw 4 of its levels.

You collected 16 gold pieces.

Inventory:

Hand Weapons
 a - a +0 dagger (weapon)
Missiles
 b - 7 boomerangs (quivered)
Armour
 c - a +2 buckler (worn)
 e - a +0 robe (worn)
Scrolls
 g - a scroll of vulnerability {unknown}
 h - a scroll of fear {unknown}
Potions
 d - a potion of berserk rage
 f - a potion of curing {unknown}
 i - a potion of haste {unknown}


   Skills:
 + Level 2.7 Fighting
 + Level 1.1 Short Blades
 + Level 1.1 Long Blades
 + Level 1.1 Axes
 + Level 1.1 Maces & Flails
 + Level 1.1 Polearms
 + Level 1.1 Staves
 + Level 1.1 Ranged Weapons
 + Level 2.7 Throwing
 + Level 2.7 Armour
 + Level 1.1 Dodging
 + Level 1.1 Stealth
 + Level 6.6 Shields
 + Level 1.1 Unarmed Combat
 + Level 5.1 Spellcasting
 + Level 0.9 Conjurations
 + Level 0.9 Hexes
 + Level 0.9 Summonings
 + Level 0.9 Necromancy
 + Level 0.9 Translocations
 + Level 0.9 Fire Magic
 + Level 0.9 Ice Magic
 + Level 0.9 Air Magic
 + Level 3.8 Earth Magic
 + Level 0.9 Alchemy
 + Level 1.2 Invocations
 + Level 1.1 Evocations
 + Level 1.0 Shapeshifting


You had 12 spell levels left.
You knew the following spells:

 Your Spells              Type           Power      Damage    Failure   Level
a - Sandblast             Erth           26%        2d8       4%          1

Your spell library contained the following spells:

 Spells                   Type           Power      Damage    Failure   Level
 Cigotuvi's Dreadful Rot  Necr/Alch/Air  10%        N/A       26%         2
 Stone Arrow              Conj/Erth      18%        3d8       26%         3
 Cause Fear               Hex            2%         N/A       86%         4
 Dispel Undead            Necr           5%         3d7       86%         4
 Martyr's Knell           Necr/Summ      5%         N/A       86%         4
 Fireball                 Conj/Fire      2%         3d4       99%         5
 Dragon's Call            Summ           2%         N/A       100%        9


Dungeon Overview and Level Annotations

Branches:
Dungeon (4/15)
 Temple: D:4-7

Altars:
Vehumet

Annotations:
D:4 Blork the orc


Innate Abilities, Weirdness & Mutations

You have very sharp teeth.
Your uncanny sense of smell can sniff out nearby items.
Your experience applies equally to all skills.


Message History

The boomerang barely misses Blork the orc.
Throw: 7 boomerangs
Press: ? - help, Q - select action, (/) - cycle Shift-Dir - straight line, f/p - Blork the orc
Aim: Blork the orc, wielding a +1 trident of protection and wearing a +0 robe (fast, 60% to hit)
You throw a boomerang.
The boomerang hits Blork the orc but does no damage.
Blork the orc points at you and mumbles some strange words.
The magic dart hits you!
Casting: Sandblast (safe; 4% risk of failure)
Confirm with . or Enter, or press ? or * to list all spells.
Aiming: Sandblast (safe; 4% risk of failure)
Press: ? - help, Shift-Dir - straight line, f/p - Blork the orc
Aim: Blork the orc, wielding a +1 trident of protection and wearing a +0 robe (fast, 84% to hit)
The blast of sand hits Blork the orc but does no damage.
An endoplasm comes into view.
Blork the orc hits you from afar with a +1 trident of protection!
Unknown command.
Casting: Sandblast (safe; 4% risk of failure)
Confirm with . or Enter, or press ? or * to list all spells.
Aiming: Sandblast (safe; 4% risk of failure)
Press: ? - help, Shift-Dir - straight line, f/p - Blork the orc
Aim: Blork the orc, wielding a +1 trident of protection and wearing a +0 robe (fast, 84% to hit)
The blast of sand hits Blork the orc but does no damage.
The endoplasm quivers.
You block Blork the orc's attack.
The endoplasm jiggles.
Blork the orc hits you from afar with a +1 trident of protection!
Unknown command.
Blork the orc hits you from afar with a +1 trident of protection.
Blork the orc attacks as he pursues you!
Blork the orc barely misses you.
Blork the orc attacks as he pursues you!
Blork the orc hits you from afar with a +1 trident of protection!
* * * LOW HITPOINT WARNING * * *
Blork the orc misses you.
There is a stone staircase leading up, spattered with blood here.
Okay, then.
Blork the orc hits you from afar with a +1 trident of protection!
You die...
Blork the orc shouts, "I believe in me!"

### ... #.. # #.#
##.####.#
.^......##
#.#...@.## #
.........o##.#####
.#........J.......
#........##.#.###
#.......## #
#..#...## #.......
##.##... #. #..


You could see Blork the orc (fast) and an endoplasm.

Vanquished Creatures
  Jessica (D:2)
  2 adders
  5 orcs (D:3)
  2 giant cockroaches
  3 goblins
  3 hobgoblins
  3 jackals (D:2)
  A quokka (D:3)
  2 ball pythons (D:2)
  A bat (D:2)
  3 kobolds
26 creatures vanquished.

Notes
Turn   | Place    | Note
-------+----------+-------------------------------------------
     0 | D:1      | zazu2006 the Gnoll Wanderer began the quest for the Orb.
     0 | D:1      | zazu2006 set off with the following items: a +0 dagger, 6
                  | boomerangs, a +2 buckler, a potion of berserk rage, a +0
                  | robe; and the following spell memorised: Sandblast; and the
                  | following spells available to memorise: Stone Arrow.
     0 | D:1      | Reached XP level 1. HP: 17/17 MP: 6/6
    38 | D:2      | Noticed Jessica
    42 | D:2      | Killed Jessica
    43 | D:2      | Reached skill level 5 in Spellcasting
    43 | D:2      | Reached XP level 2. HP: 23/23 MP: 0/8
    43 | D:2      | Reached XP level 3. HP: 28/28 MP: 0/9
   150 | D:2      | Found a faded altar of an unknown god.
   174 | D:2      | Reached skill level 1 in Invocations
   254 | D:2      | Reached skill level 1 in Short Blades
   254 | D:2      | Reached skill level 1 in Long Blades
   254 | D:2      | Reached skill level 1 in Axes
   254 | D:2      | Reached skill level 1 in Maces & Flails
   254 | D:2      | Reached skill level 1 in Polearms
   254 | D:2      | Reached skill level 1 in Staves
   254 | D:2      | Reached skill level 1 in Ranged Weapons
   254 | D:2      | Reached skill level 1 in Dodging
   254 | D:2      | Reached skill level 1 in Stealth
   254 | D:2      | Reached skill level 1 in Unarmed Combat
   254 | D:2      | Reached skill level 1 in Evocations
   326 | D:3      | Reached skill level 1 in Shapeshifting
   326 | D:3      | Reached XP level 4. HP: 34/34 MP: 2/11
   408 | D:3      | Found a radiant altar of Vehumet.
   415 | D:3      | Became a worshipper of Vehumet
   506 | D:4      | Noticed Blork the orc
   515 | D:4      | Slain by Blork the orc

Illustrated notes

Levels and vault maps discovered:
D:1:      dpeg_arrival_connections, layout_basic, minmay_misc_feat_five
D:2:      layout_loops_ring, shapermc_ecumenical_altar_ellora,
          kennysheep_generic_room_3, uniq_jessica
D:3:      layout_basic, mainiacjoe_overflow_six_doors_small,
          nicolae_grassy_gnolls
D:4:      minmay_goblin_kobold_castle, layout_loops_ring,
          mainiacjoe_overflow_cross_hatched, minmay_temple_entry_grid,
          uniq_pikel, uniq_blork_the_orc

Skill      XL: |  1  2  3 |
---------------+----------+-----
Spellcasting   | 5 |  5.1
Invocations    | 1 |  1.2
Short Blades   | 1 |  1.1
Long Blades    | 1 |  1.1
Axes           | 1 |  1.1
Maces & Flails | 1 |  1.1
Polearms       | 1 |  1.1
Staves         | 1 |  1.1
Ranged Weapons | 1 |  1.1
Dodging        | 1 |  1.1
Stealth        | 1 |  1.1
Unarmed Combat | 1 |  1.1
Evocations     | 1 |  1.1
Shapeshifting  | 1 |  1.0
Fighting       | |  2.7
Throwing       | |  2.7
Armour         | |  2.7
Shields        | |  6.6
Conjurations   | |  0.9
Hexes          | |  0.9
Summonings     | |  0.9
Necromancy     | |  0.9
Translocations | |  0.9
Fire Magic     | |  0.9
Ice Magic      | |  0.9
Air Magic      | |  0.9
Earth Magic    | |  3.8
Alchemy        | |  0.9

Action                     |  1- 3 |  4- 6 || total
---------------------------+-------+-------++-------
  Melee: Dagger            |     9 |       ||     9
         Bite              |     1 |       ||     1
  Throw: Boomerang         |       |     2 ||     2
   Cast: Sandblast         |    31 |    12 ||    43
   Stab: Sleeping          |     1 |       ||     1
 Armour: Robe              |    10 |     7 ||    17
  Dodge: Dodged            |    11 |     4 ||    15
  Block: Buckler           |    15 |     1 ||    16

Table legend: (Time is in decaauts)
 A = Elapsed time spent in this place.
 B = Non-inter-level travel time spent in this place.
 C = Inter-level travel time spent in this place.
 D = Time resting spent in this place.
 E = Time spent auto-exploring this place.
 F = Levels seen in this place.
 G = Mean time per level.
                   A        B        C        D        E       F      G
               +--------+--------+--------+--------+--------+-----+--------+
         Total |    535 |    521 |     14 |      0 |     39 |   4 |  133.8 |
       Dungeon |    535 |    521 |     14 |      0 |     39 |   4 |  133.8 |
               +--------+--------+--------+--------+--------+-----+--------+

Top non-repeatable levels by time:
     D:2: 262 daAuts
     D:3: 244 daAuts
     D:1: 17 daAuts
     D:4: 12 daAuts
